 Dungeon Crawl Stone Soup version 0.30.1-4-g462c640d31 (webtiles) character file.

Game seed: 17157480798781637476

1573 Kurtz the Cleaver (level 8, -10/48 HPs)
             Began as a Tengu Fighter on Sept 15, 2023.
             Was a Believer of Makhleb.
             Mangled by an eight-headed hydra (12 damage)
             ... on level 5 of the Dungeon.
             The game lasted 00:08:36 (5839 turns).

Kurtz the Cleaver (Tengu Fighter)                   Turns: 5839, Time: 00:08:37

Health: -10/48     AC: 11    Str: 19    XL:     8   Next: 90%
Magic:  9/9        EV: 15    Int:  8    God:    Makhleb [**....]
Gold:   206        SH:  5    Dex: 14    Spells: 7/7 levels left

rFire   . . .        a - +0 war axe
rCold   . . .        c - +0 buckler
rNeg    . . .        o - +0 chain mail
rPois   .            (helmet restricted)
rElec   .            u - +0 cloak
rCorr   .            (no gloves)
SInv    .            (boots unavailable)
Will    .....        (no amulet) Stlth
                     t - +5 ring of evasion
HPRegen 0.28/turn    (no ring)
MPRegen 0.11/turn

%: no passive effects
@: flying quickly and evasively, quick
A: beak, talons 3, nimble flight
a: Renounce Religion, Minor Destruction


You were on level 5 of the Dungeon.
You worshipped Makhleb.
Makhleb was pleased with you.
You visited 1 branch of the dungeon, and saw 7 of its levels.

You collected 206 gold pieces.

Inventory:

Hand Weapons
 a - a +0 war axe (weapon)
Missiles
 k - 6 javelins (quivered)
 r - 3 poisoned darts
Armour
 b - a +0 scale mail
 c - a +0 buckler (worn)
 o - a +0 chain mail (worn)
 u - a +0 cloak (worn)
Jewellery
 j - an amulet of magic regeneration
 n - a +6 ring of intelligence
 t - a +5 ring of evasion (left hand)
 z - a ring of poison resistance
Wands
 e - a wand of mindburst (2)
Scrolls
 f - a scroll of vulnerability {unknown}
 l - 3 scrolls of identify {unknown}
 p - 4 scrolls of teleportation
 v - 3 scrolls of fog {unknown}
 w - 2 scrolls of blinking {unknown}
 y - a scroll of torment {unknown}
 B - a scroll of poison {unknown}
Potions
 d - a potion of might
 g - a potion of resistance {unknown}
 h - 4 potions of attraction {unknown}
 i - a potion of degeneration {unknown}
 q - a potion of magic {unknown}
 s - 2 potions of mutation {unknown}
 x - a potion of heal wounds
 A - 4 potions of haste {unknown}
 C - a potion of ambrosia {unknown}
 D - 2 potions of curing {unknown}


   Skills:
 * Level 4.2 Fighting
 * Level 9.2 Axes
 + Level 5.3 Armour
 + Level 2.0 Dodging
 * Level 5.2 Shields
 * Level 1.2 Invocations


You had 7 spell levels left.
You didn't know any spells.
Your spell library contained the following spells:

 Spells                   Type           Power      Damage    Failure   Level
 Cigotuvi's Dreadful Rot  Necr/Pois/Air  0%         N/A       99%         2
 Portal Projectile        Hex/Tloc       0%         N/A       100%        3
 Tukima's Dance           Hex            0%         N/A       100%        3
 Dispel Undead            Necr           0%         3d6       100%        4
 Blade Hands              Tmut           0%         N/A       100%        5
 Death Channel            Necr           0%         N/A       100%        6


Dungeon Overview and Level Annotations

Branches:
Dungeon (7/15)             Temple (0/1) D:6

Altars:
Makhleb
Qazlal
Vehumet
Yredelemnul
The Shining One

Shops:
D:1 =   D:5 *


Innate Abilities, Weirdness & Mutations

You have a beak for a mouth.
You have claws for feet.
Your magical nature lets you fly swiftly and evasively.


Message History

The troll is heavily wounded.
You hack one of the seven-headed hydra's heads off!
The six-headed hydra grows two more!
You hit the eight-headed hydra. You block the troll's attack.
The troll claws you but does no damage. The troll claws you!
The eight-headed hydra bites you. The eight-headed hydra misses you.
The eight-headed hydra barely misses you.
The eight-headed hydra closely misses you. x2
You block the eight-headed hydra's attack.
The eight-headed hydra bites you.
The eight-headed hydra barely misses you.
Unknown command.
You completely miss the troll. You peck the troll.
The troll is severely wounded.
You hit the eight-headed hydra. The troll bites you!
* * * LOW HITPOINT WARNING * * *
The troll claws you.
* * * LOW HITPOINT WARNING * * *
The troll claws you but does no damage.
You block the eight-headed hydra's attack.
The eight-headed hydra bites you but does no damage.
The eight-headed hydra completely misses you.
You block the eight-headed hydra's attack.
The eight-headed hydra bites you but does no damage.
The eight-headed hydra completely misses you.
The eight-headed hydra barely misses you.
The eight-headed hydra bites you.
* * * LOW HITPOINT WARNING * * *
Unknown command.
As you read the scroll labelled UFRYZU SYTSOI, it crumbles to dust.
It is a scroll of enchant weapon.
Really abort (and waste the scroll)? [Y]es or [N]o only, please.
Really abort (and waste the scroll)?
Okay, then.
The troll misses you. The troll barely misses you. x2
The eight-headed hydra bites you.
* * * LOW HITPOINT WARNING * * *
The eight-headed hydra bites you!
You die...

#############
#..)........#
#.#########.# #.#
#.# ##.####### #.#
.........###.#####
............^..T@#
....####.#######D#
....####.# #.#
.........# #.#
>........# #.#
####.....# #.#
+........# #.#
###.#....# #.#
.........# ####.##


You could see an eight-headed hydra and a troll.

Vanquished Creatures
  A yak (D:6)
  Duvessa (D:3)
  A sky beast (D:6)
  An ice beast (D:6)
  A black bear (D:6)
  2 ogres
  A centaur (D:5)
  A phantom (D:5)
  Blork the orc (D:5)
  A bullfrog (D:6)
  A scorpion (D:4)
  Dowan (D:3)
  An orc priest (D:3)
  A hound (D:6)
  2 sleepcaps
  Natasha (thrice) (D:2)
  An iguana (D:6)
  3 orc wizards
  3 gnolls (D:5)
  5 adders
  2 white imps
  6 dart slugs
  13 orcs
  8 bats
  8 endoplasms
  2 giant cockroaches
  4 goblins
  6 hobgoblins
  2 jackals (D:5)
  3 quokkas
  5 ball pythons
  2 frilled lizards
  18 kobolds
  4 rats
115 creatures vanquished.

Notes
Turn   | Place    | Note
-------+----------+-------------------------------------------
     0 | D:1      | Kurtz the Tengu Fighter began the quest for the Orb.
     0 | D:1      | Reached XP level 1. HP: 14/14 MP: 2/2
    25 | D:1      | Found Ugimeu Jozu's Jewellery Emporium.
   142 | D:1      | Reached XP level 2. HP: 16/19 MP: 3/3
   305 | D:1      | Found a faded altar of an unknown god.
   453 | D:1      | Reached XP level 3. HP: 23/23 MP: 4/4
   603 | D:2      | Reached skill level 3 in Axes
   833 | D:2      | Found a burning altar of Makhleb.
   849 | D:2      | Became a worshipper of Makhleb the Destroyer
  1076 | D:2      | Reached XP level 4. HP: 26/28 MP: 5/5
  1321 | D:2      | Noticed Natasha
  1326 | D:2      | Killed Natasha
  1327 | D:2      | Reached skill level 4 in Axes
  1411 | D:2      | Noticed Natasha
  1413 | D:2      | Killed Natasha
  1414 | D:2      | Gained mutation: Your magical nature lets you fly swiftly
                  | and evasively. [Tengu growth]
  1414 | D:2      | Reached XP level 5. HP: 32/32 MP: 6/6
  1525 | D:2      | Noticed Natasha
  1534 | D:2      | Killed Natasha
  1833 | D:3      | Reached * piety under Makhleb
  1861 | D:3      | Found a basalt altar of Yredelemnul.
  1864 | D:3      | Noticed a profane servitor
  2217 | D:3      | Reached skill level 5 in Axes
  2516 | D:3      | Found a glowing golden altar of the Shining One.
  2519 | D:3      | Noticed an angel
  2899 | D:4      | Reached XP level 6. HP: 34/37 MP: 7/7
  2928 | D:4      | Noticed Duvessa
  2928 | D:4      | Noticed Dowan
  2969 | D:3      | Killed Duvessa
  2970 | D:3      | Reached skill level 6 in Axes
  2976 | D:3      | Killed Dowan
  3195 | D:4      | Reached skill level 1 in Dodging
  3195 | D:4      | Reached XP level 7. HP: 23/41 MP: 8/8
  3511 | D:4      | Identified the +1 dagger "Aheenwie" {elec, Str+2}
  3796 | D:5      | Entered Level 5 of the Dungeon
  3905 | D:5      | Reached skill level 7 in Axes
  3921 | D:5      | Reached ** piety under Makhleb
  4036 | D:5      | Noticed Blork the orc
  4047 | D:5      | Killed Blork the orc
  4178 | D:5      | Reached XP level 8. HP: 37/46 MP: 9/9
  4226 | D:5      | Found Mafom's Neck Hole.
  4422 | D:5      | Found a radiant altar of Vehumet.
  4456 | D:5      | Reached skill level 8 in Axes
  4826 | D:6      | Found a staircase to the Ecumenical Temple.
  4908 | D:6      | Reached skill level 5 in Armour
  4956 | D:6      | Reached skill level 5 in Shields
  5191 | D:7      | Noticed a yak
  5191 | D:7      | Found a stormy altar of Qazlal.
  5302 | D:7      | Noticed a yak
  5302 | D:7      | Noticed a yak
  5306 | D:7      | Noticed a yak
  5316 | D:6      | Killed a yak
  5317 | D:6      | Reached skill level 9 in Axes
  5317 | D:6      | Reached skill level 1 in Invocations
  5479 | D:7      | Noticed a troll
  5479 | D:7      | Noticed a seven-headed hydra
  5479 | D:7      | Noticed a yak
  5839 | D:5      | HP: 2/48 [eight-headed hydra (2)]
  5839 | D:5      | Mangled by an eight-headed hydra

Illustrated notes

Levels and vault maps discovered:
D:1:      lightli_arrival_maybe_door_vault, layout_basic,
          hellmonk_ecumenical_altar_crossroads, serial_shops, shop
D:2:      layout_basic, basic_altar, uniq_natasha
D:3:      layout_basic, grunt_temple_overflow_holy_war, nicolae_eternal_life,
          minmay_puff
D:4:      layout_gridville, uniq_duvessa
D:5:      layout_basic, nicolae_vehumet_radiance,
          nicolae_shop_sticking_my_neck_out, uniq_blork_the_orc
D:6:      layout_cave_pools, minmay_temple_entry_drinking_statues
D:7:      layout_basic, old_standard_altar, hellmonk_guarded_unrand_vines

Skill      XL: |  1  2  3  4  5  6  7  8 |
---------------+-------------------------+-----
Axes           | 3 4 5 6 7 9 |  9.2
Armour         | 4 5 |  5.3
Shields        | 4 5 |  5.2
Dodging        | 1 2 |  2.0
Fighting       | 4 |  4.2
Invocations    | 1 |  1.2

Action                     |  1- 3 |  4- 6 |  7- 9 || total
---------------------------+-------+-------+-------++-------
  Melee: War axe           |    64 |    99 |   154 ||   317
         Kick              |    12 |    25 |    34 ||    71
         Peck              |     7 |    15 |    35 ||    57
  Throw: Javelin           |       |     2 |     3 ||     5
 Invoke: Minor Destruction |       |       |     2 ||     2
  Evoke: Wand              |       |       |     6 ||     6
    Use: Potion            |       |     2 |       ||     2
         Scroll            |       |     1 |     1 ||     2
   Stab: Invisible         |       |     3 |       ||     3
 Armour: Scale mail        |    24 |       |       ||    24
         Chain mail        |     5 |    42 |    75 ||   122
  Dodge: Dodged            |    19 |    61 |   126 ||   206
  Block: Buckler           |    17 |    30 |    55 ||   102
